 Dungeon Crawl Stone Soup version 0.19.0-18-g426998a (webtiles) character file.

104494 Leybi the Brawler (level 15, -5/158 HPs)
             Began as a Troll Berserker on Nov 11, 2016.
             Was a High Priest of Trog.
             Shot with a bolt by a naga sharpshooter (35 damage)
             ... on level 1 of the Snake Pit on Nov 12, 2016.
             The game lasted 01:37:32 (26049 turns).

Leybi the Brawler (Troll Berserker)                Turns: 26049, Time: 01:37:33

Health: -5/158     AC:  8    Str: 34    XL:     15   Next: 92%
Magic:  14/14      EV: 20    Int:  6    God:    Trog [*****.]
Gold:   1461       SH:  0    Dex:  9    Spells: 0 memorised, 14 levels left

rFire  + . .     SeeInvis .       - Unarmed
rCold  . . .     Gourm    +     y - +2 robe {rF+}
rNeg   . . .     Faith    .     (no shield)
rPois  +         Spirit   .     E - +0 hat {Int+3}
rElec  .         Reflect  .     S - +0 cloak
rCorr  .         Harm     .     (gloves unavailable)
MR     +....                    (boots unavailable)
Stlth  +.........               (no amulet)
                                t - ring of poison resistance
                                F - +6 ring of evasion

@: studying Staves
A: unfitting armour, claws 3, fast metabolism 3, gourmand, regeneration 1,
shaggy fur 1, tough skin 2
a: Berserk, Trog's Hand, Brothers in Arms, Burn Spellbooks, Renounce Religion


You were on level 1 of the Snake Pit.
You worshipped Trog.
Trog was extremely pleased with you.
You were not hungry.

You visited 4 branches of the dungeon, and saw 23 of its levels.
You also visited: Labyrinth, Sewer and Ice Cave.

You collected 2241 gold pieces.
You spent 780 gold pieces at shops.

Inventory:

Armour
 y - a +2 robe of fire resistance (worn)
 E - a +0 hat of intelligence (worn)
 S - a +0 cloak (worn)
Jewellery
 d - an uncursed ring of protection from fire
 t - a ring of poison resistance (right claw)
 v - a +5 ring of protection
 D - the ring "Lucvairi" {rN+ Str+2 Int+3 Dex+2 Stlth+}
   (You found it in a labyrinth)

   [ring of strength]

   It affects your strength (+2).
   It affects your intelligence (+3).
   It affects your dexterity (+2).
   It protects you from negative energy.
   It makes you more stealthy.
 F - a +6 ring of evasion (left claw)
 H - an uncursed ring of protection from cold
 L - the ring of Motamp {rC+ Str+4 Stlth+}
   (You found it in a labyrinth)

   [ring of protection from cold]

   It affects your strength (+4).
   It protects you from cold.
   It makes you more stealthy.
Wands
 a - a wand of paralysis (16/24)
 p - a wand of lightning (5/15)
 w - a wand of paralysis (6/24)
 x - a wand of digging (22/24)
 z - a wand of flame (15/48)
 K - a wand of iceblast (7/15)
Scrolls
 e - 2 scrolls of silence {unknown}
 i - 5 scrolls of fear
 j - 4 scrolls of identify
 l - 9 scrolls of teleportation
 r - 8 scrolls of enchant weapon
 u - 5 scrolls of fog
 A - 2 scrolls of recharging
 O - 2 scrolls of enchant armour
 R - a scroll of remove curse
Potions
 c - 3 potions of flight {unknown}
 f - a potion of lignification {unknown}
 k - a potion of mutation {unknown}
 n - 4 potions of haste {unknown}
 o - 4 potions of heal wounds {unknown}
 s - 2 potions of degeneration {unknown}
 B - a potion of ambrosia {unknown}
 I - 2 potions of invisibility {unknown}
 J - 8 potions of curing {unknown}
 M - a potion of beneficial mutation {unknown}
 N - a potion of might {unknown}
 W - 3 potions of brilliance {unknown}
 X - 3 potions of berserk rage {unknown}
Books
 P - a manual of Staves
Comestibles
 b - 10 bread rations
 g - 2 slices of pizza
 h - 6 meat rations
 q - 12 beef jerkies
 C - 27 royal jellies
 G - 17 fruits


   Skills:
 + Level 12.9 Fighting
 - Level 10.6 Dodging
 * Level 20.0 Unarmed Combat


You had 14 spell levels left.
You didn't know any spells.

Dungeon Overview and Level Annotations

Branches:
Dungeon (14/15)            Temple (0/1) D:7            Lair (6/6) D:9
 Shoals (0/4) Lair:4        Snake (1/4) Lair:4        Slime (0/5) Lair:5
    Orc (2/2) D:10            Elf (0/3) Orc:2
 Vaults: D:13-14

Altars:
Dithmenos
Elyvilon
Fedhas
Makhleb
Sif Muna
Beogh
Jiyva

Shops:
D:13 %   Orc:2 :?(*

Portals:
Hell: Lair:6
Pandemonium: Orc:2

Annotations:
D:14 exclusion: 3 doors
Lair:4 exclusion: oklob plant


Innate Abilities, Weirdness & Mutations

You are too large for most types of armour.
You have claws for hands.
Your metabolism is lightning-fast.
You like to eat raw meat.
Your natural rate of healing is unusually fast.
You are covered in fur. (AC +1)
You have very tough skin. (AC +2)


Message History

* * * LOW HITPOINT WARNING * * *
You mangle the shock serpent!!
You kill the shock serpent!
Trog accepts your kill.
The air sparks with electricity, shocking you!
* * * LOW HITPOINT WARNING * * *
You see here a shock serpent corpse.
You butcher the shock serpent corpse.
m - 2 chunks of flesh You start resting.
Eating one of 2 chunks of flesh.
You start eating one of the 2 chunks of flesh.
This raw flesh tastes great.
Eating a chunk of flesh.
You start eating the chunk of flesh.
This raw flesh tastes great.
You start resting.
The naga sharpshooter shouts!
The naga sharpshooter casts a spell.
The naga sharpshooter magically shoots a bolt.
The bolt hits you!!
You die...

#.##########+###+#.N..........##.
.......(......................#..
...............N..........#####..
##....................#########..
##...........# #'#.........##....
##...........# #N#.........+.....
##...........# #...........##.#..
##.......)...# #...........#..[<.
##.......†...# #@..........#.....
##...........# #.##'########..#..
##...........# #.##.##...........
#####.#####.###.##.########.....
....)........................
.###.##...######.########.....
#.#+..........# #.#... #.
#.##..........# #.....
#.###.##..........##########...


You could see a naga sharpshooter and a salamander.

Vanquished Creatures
  Rupert (D:11)
  Gastronok (D:9)
  A frost giant (IceCv)
  The ghost of slayr the Impaler, a journeyman MiGl of Uskayaw (D:14)
  A stone giant (D:10)
  Nessos (D:14)
  2 ettins
  A minotaur (Lab)
  A naga warrior (Snake:1)
  3 hydras
  The ghost of TotoDurand the Pandemonic, a journeyman DsFi of Makhleb (D:10)
  Harold (D:12)
  3 death yaks
  Urug (Lair:2)
  4 orc high priests (Orc:2)
  3 shock serpents (Snake:1)
  5 skeletal warriors (D:14)
  A sun demon (Orc:2)
  An unseen horror (D:10)
  A sixfirhy (Lair:6)
  2 infernal demonspawn (Orc:2)
  A torturous demonspawn (Orc:2)
  A wizard (Lair:6)
  7 hill giants
  Pikel (D:5)
  A deep elf mage (D:14)
  7 orc knights
  A necromancer (D:11)
  7 orc sorcerers (Orc:2)
  2 manticores
  An ugly thing (D:13)
  3 cyclopes
  A salamander (Snake:1)
  5 elephants
  3 naga magi (Snake:1)
  A rust devil (Orc:2)
  15 black mambas
  8 spiny frogs
  2 smoke demons
  3 orange demons
  6 rime drakes
  A freezing wraith (D:14)
  14 komodo dragons
  2 hellwings
  6 red devils (Lair:6)
  A queen bee (D:13)
  5 trolls
  3 meliai (D:13)
  4 hornets (D:9)
  16 polar bears
  A two-headed ogre (D:9)
  4 blink frogs (Lair:6)
  A snapping turtle (Lair:4)
  8 hippogriffs
  A vampire (D:10)
  A ynoxinul (Orc:2)
  2 hogs (D:12)
  5 wyverns
  72 yaks
  A basilisk (Lair:2)
  A chaos spawn (Orc:2)
  3 hungry ghosts
  9 wargs
  9 nagas
  11 porcupines
  12 water moccasins
  A hell hound (Lair:6)
  40 orc warriors
  Purgy (Sewer)
  An ice beast (D:14)
  6 sky beasts
  A black bear (D:10)
  2 phantoms
  16 wolves
  4 necrophages
  12 ogres
  2 centaurs
  14 crocodiles
  A big kobold (D:14)
  20 bullfrogs
  2 scorpions
  2 water moccasin skeletons
  9 wights
  27 killer bees
  3 electric eels
  2 howler monkeys
  6 crimson imps
  2 bullfrog zombies
  4 centaur zombies
  3 quasits
  3 centaur skeletons
  11 hounds
  3 jellies
  27 orc priests
  28 orc wizards
  2 bullfrog skeletons (D:12)
  7 iguanas
  8 worker ants
  Natasha (thrice) (D:2)
  3 polar bear simulacra (D:11)
  2 yak simulacra (D:11)
  9 hell rats (Lair:5)
  3 wolf simulacra (D:11)
  15 adders
  3 gnolls (D:10)
  2 shadow imps
  3 worms
  6 leopard geckos
  78 orcs
  8 ball pythons
  5 bats
  3 giant cockroaches
  4 goblins
  4 hobgoblins
  15 jackals
  11 kobolds
  4 quokkas
  A ball python skeleton (D:5)
  5 frilled lizards
  A jackal skeleton (D:5)
  A leopard gecko zombie (D:9)
  A rat (D:3)
  3 river rat simulacra (D:11)
768 creatures vanquished.

Vanquished Creatures (collateral kills)
  7 hydras
  Sonja (Lair:4)
  A hill giant (D:12)
  A rime drake (Lair:4)
  A wraith (D:12)
  A water moccasin (Lair:3)
  A bullfrog (D:12)
13 creatures vanquished.

Vanquished Creatures (others)
  An orc wizard (D:10)
  9 fungi
10 creatures vanquished.

Grand Total: 791 creatures vanquished

Notes
Turn   | Place    | Note
-------+----------+-------------------------------------------
     0 | D:1      | Leybi the Troll Berserker began the quest for the Orb.
     0 | D:1      | Reached XP level 1. HP: 22/22 MP: 0/0
   203 | D:1      | Reached XP level 2. HP: 29/29 MP: 1/1
   726 | D:2      | Reached XP level 3. HP: 36/36 MP: 2/2
  1042 | D:2      | Reached ** piety under Trog
  1050 | D:2      | Noticed Natasha
  1061 | D:2      | Killed Natasha
  1061 | D:2      | Reached skill level 4 in Unarmed Combat
  1061 | D:2      | Reached XP level 4. HP: 24/44 MP: 3/3
  1277 | D:2      | Noticed Natasha
  1825 | D:2      | Killed Natasha
  1919 | D:2      | Noticed Natasha
  1926 | D:2      | Killed Natasha
  1926 | D:2      | Reached XP level 5. HP: 42/53 MP: 4/4
  2041 | D:4      | Reached skill level 5 in Unarmed Combat
  2325 | D:4      | You fall through a shaft!
  2325 | D:5      | Entered Level 5 of the Dungeon
  2331 | D:5      | Reached XP level 6. HP: 61/61 MP: 5/5
  2356 | D:5      | Reached *** piety under Trog
  2367 | D:5      | Found a glowing drain.
  2378 | Sewer    | Entered a sewer
  2495 | Sewer    | Noticed Purgy
  2500 | Sewer    | Killed Purgy
  2500 | Sewer    | Reached skill level 6 in Unarmed Combat
  2673 | D:5      | Reached XP level 7. HP: 68/68 MP: 6/6
  2806 | D:5      | Noticed Pikel
  2815 | D:5      | Killed Pikel
  2815 | D:5      | Reached skill level 7 in Unarmed Combat
  2815 | D:5      | Reached XP level 8. HP: 79/79 MP: 7/7
  3191 | D:6      | Reached skill level 8 in Unarmed Combat
  3625 | D:6      | Reached skill level 5 in Fighting
  3702 | D:6      | Reached skill level 5 in Dodging
  3908 | D:7      | You fall through a shaft for 3 floors!
  3908 | D:10     | Entered Level 10 of the Dungeon
  3956 | D:10     | Reached skill level 9 in Unarmed Combat
  3958 | D:10     | Reached XP level 9. HP: 88/88 MP: 8/8
  4105 | D:10     | Killed an unseen horror
  4110 | D:10     | Reached skill level 10 in Unarmed Combat
  4112 | D:10     | Reached **** piety under Trog
  4270 | D:9      | Found a deep blue altar of Sif Muna.
  4434 | D:9      | Reached XP level 10. HP: 100/100 MP: 9/9
  4477 | D:9      | Reached skill level 11 in Unarmed Combat
  4748 | D:9      | Found a staircase to the Lair.
  5216 | D:8      | Reached ***** piety under Trog
  5396 | D:8      | Reached skill level 12 in Unarmed Combat
  5589 | D:7      | You fall through a shaft for 3 floors!
  5589 | D:10     | Found a staircase to the Orcish Mines.
  6120 | D:7      | Found a staircase to the Ecumenical Temple.
  6202 | D:7      | Reached XP level 11. HP: 109/109 MP: 10/10
  6374 | D:7      | Found a white marble altar of Elyvilon.
  6887 | D:9      | Noticed Gastronok
  6896 | D:9      | Killed Gastronok
  7099 | D:9      | Reached skill level 13 in Unarmed Combat
  7224 | D:9      | Paralysed by a hornet for 1 turns
  7232 | D:9      | Paralysed by a hornet for 1 turns
  7782 | D:10     | Noticed a hill giant
  7788 | D:10     | Killed a hill giant
  7796 | D:10     | Noticed a hill giant
  7802 | D:10     | Killed a hill giant
  7844 | D:10     | Noticed TotoDurand's ghost (journeyman DsFi)
  7864 | D:10     | Killed TotoDurand's ghost
  8015 | D:10     | Noticed a hill giant
  8025 | D:10     | Killed a hill giant
  8226 | D:10     | Received a gift from Trog
  8555 | Lair:1   | Entered Level 1 of the Lair of Beasts
  8634 | Lair:1   | Reached XP level 12. HP: 107/122 MP: 11/11
  8856 | Lair:1   | Reached skill level 14 in Unarmed Combat
  9838 | Lair:2   | Noticed Urug
  9858 | Lair:2   | Killed Urug
 10071 | Lair:2   | Received a gift from Trog
 11027 | Lair:3   | Noticed an eight-headed hydra
 11032 | Lair:3   | Killed a nine-headed hydra
 11032 | Lair:3   | Reached skill level 15 in Unarmed Combat
 12157 | Lair:4   | Noticed a four-headed hydra
 12158 | Lair:4   | Noticed Sonja
 12170 | Lair:4   | Killed a seven-headed hydra
 12180 | Lair:4   | Killed Sonja
 12183 | Lair:4   | Reached XP level 13. HP: 64/131 MP: 12/12
 12313 | Lair:4   | Found a white marble altar of Elyvilon.
 12419 | Lair:4   | Found a staircase to the Snake Pit.
 12653 | Lair:4   | Got a fine broad axe {drain}
 12853 | Lair:4   | Found a shadowy altar of Dithmenos.
 13018 | Lair:4   | Found a staircase to the Shoals.
 13204 | Lair:4   | Reached skill level 10 in Dodging
 13448 | Lair:5   | Found a viscous altar of Jiyva.
 13448 | Lair:5   | Found a staircase to the Slime Pits.
 13621 | Lair:5   | Received a gift from Trog
 13827 | Lair:5   | Reached skill level 10 in Fighting
 14330 | Lair:5   | Reached skill level 16 in Unarmed Combat
 14791 | Lair:6   | Entered Level 6 of the Lair of Beasts
 15960 | Orc:1    | Entered Level 1 of the Orcish Mines
 15961 | Orc:1    | Noticed an ettin
 15974 | Orc:1    | Killed an ettin
 16256 | Orc:1    | Found a roughly hewn altar of Beogh.
 16269 | Orc:1    | Found a frozen archway.
 16286 | IceCv    | Entered an ice cave
 16383 | IceCv    | Reached XP level 14. HP: 128/144 MP: 13/13
 16639 | IceCv    | Reached skill level 17 in Unarmed Combat
 16742 | IceCv    | Noticed a frost giant
 16760 | IceCv    | Killed a frost giant
 16838 | IceCv    | Got a heavily runed jade ring
 16966 | Orc:1    | Identified a ring of Greed {AC+2 Int+2 Stlth+} (You found it in an ice cave)
 17075 | Orc:1    | Noticed a stone giant
 17117 | D:10     | Killed a stone giant
 17364 | Orc:2    | Entered Level 2 of the Orcish Mines
 17364 | Orc:2    | Found a staircase to the Elven Halls.
 17498 | Orc:2    | Received a gift from Trog
 18200 | Orc:2    | Found Roluassigg's Magic Scroll Shop.
 18320 | Orc:2    | Found Gaynerph's General Store.
 18421 | Orc:2    | Bought a scroll of acquirement for 780 gold pieces
 18489 | Orc:2    | Reached skill level 18 in Unarmed Combat
 18532 | Orc:2    | Received a gift from Trog
 18891 | Orc:2    | Paralysed by an orc sorcerer for 7 turns
 18941 | Orc:2    | Found Jufaj's Book Emporium.
 18941 | Orc:2    | Found Elasogu's Antique Weapon Shoppe.
 18941 | Orc:2    | Found a one-way gate leading to the halls of Pandemonium.
 19571 | D:11     | Reached ****** piety under Trog
 19577 | D:11     | Reached XP level 15. HP: 145/156 MP: 14/14
 19734 | D:11     | Found a labyrinth entrance.
 19744 | Lab      | Entered a labyrinth
 19782 | Lab      | Got a bound platinum ring
 19782 | Lab      | Got a pitted jade ring
 20048 | D:12     | Noticed Rupert
 20056 | D:11     | Killed Rupert
 20120 | D:12     | Received a gift from Trog
 20288 | D:12     | Noticed Harold
 20300 | D:12     | Killed Harold
 20786 | D:13     | Found Siqioj's Food Boutique.
 21243 | D:13     | Reached skill level 19 in Unarmed Combat
 21837 | D:14     | Noticed Nessos
 21849 | D:14     | Killed Nessos
 21859 | D:14     | Found a blossoming altar of Fedhas.
 22202 | D:14     | Noticed slayr's ghost (journeyman MiGl)
 22225 | D:14     | Killed slayr's ghost
 22476 | D:14     | Received a gift from Trog
 24146 | Lair:6   | Found a burning altar of Makhleb.
 24668 | Lair:6   | Found a gateway to Hell.
 24779 | Lair:6   | Identified the ring "Lucvairi" {rN+ Str+2 Int+3 Dex+2 Stlth+} (You found it in a labyrinth)
 24780 | Lair:6   | Identified the ring of Motamp {rC+ Str+4 Stlth+} (You found it in a labyrinth)
 24893 | Snake:1  | Entered Level 1 of the Snake Pit
 25743 | Snake:1  | Reached skill level 20 in Unarmed Combat
 26019 | Snake:1  | HP: 6/158 [something (13)]
 26049 | Snake:1  | Shot with a bolt by a naga sharpshooter

Skill      XL: |  1  2  3  4  5  6  7  8  9 10 11 12 13 14 15 |
---------------+----------------------------------------------+-----
Unarmed Combat | 4 5 6 7 9 10 12 13 15 16 18 20 | 20.0
Fighting       | 3 4 5 6 7 8 9 10 12 | 12.9
Dodging        | 3 4 5 6 7 8 9 10 | 10.6

Action                   |  1- 3 |  4- 6 |  7- 9 | 10-12 | 13-15 || total
-------------------------+-------+-------+-------+-------+-------++-------
Melee: Unarmed           |    79 |   107 |   162 |   566 |  1330 ||  2244
       Punch             |     3 |     2 |     6 |    32 |   128 ||   171
Invok: Berserk           |       |     2 |     7 |    13 |    12 ||    34
       Brothers in Arms  |       |       |       |     2 |     8 ||    10
       Trog's Hand       |       |       |       |     1 |     3 ||     4
  Use: Scroll            |       |    11 |       |     8 |     9 ||    28
 Stab: Sleeping          |     1 |     1 |       |       |       ||     2
       Distracted        |       |       |       |     2 |       ||     2
  Eat: Chunk             |    15 |    15 |    23 |    81 |   143 ||   277
       Pizza             |       |       |       |       |     2 ||     2
Armor: Animal skin       |    17 |    42 |    27 |    23 |       ||   109
       Robe              |       |       |       |    58 |   207 ||   265
Dodge: Dodged            |    40 |    47 |    75 |   297 |  1027 ||  1486
